 Dungeon Crawl Stone Soup version 0.21-a0-221-gfe971b9 (webtiles) character file.

306 Blomdor the Skirmisher (level 6, 0/52 HPs)
             Began as a Barachi Assassin on Aug 26, 2017.
             Succumbed to Sigmund's poison
             ... on level 3 of the Dungeon.
             The game lasted 00:03:30 (2549 turns).

Blomdor the Skirmisher (Barachi Assassin)           Turns: 2549, Time: 00:03:30

Health: 0/52       AC:  6    Str: 14    XL:     6   Next: 39%
Magic:  6/6        EV: 12    Int: 12    God:
Gold:   123        SH:  0    Dex: 11    Spells: 5/5 levels left

rFire    . . .     SeeInvis .   m - +6 dagger
rCold    . . .     Gourm    .   (no shield)
rNeg     . . .     Faith    .   c - +0 robe
rPois    .         Spirit   .   (no helmet)
rElec    .         Reflect  .   d - +0 cloak
rCorr    .         Harm     .   s - +0 pair of gloves
MR       .....                  (no boots)
Stlth    ++........             (no amulet)
HPRegen  0.17/turn              (no ring)
MPRegen  0.10/turn              (no ring)

@: lethally poisoned (0 -> -2), flying, very slightly contaminated, slow
A: +LOS, swims, hooves 1, molten scales 1, clumsy 1, slowness 1, strong legs 1
a: Hop


You were on level 3 of the Dungeon.
You were not hungry.

You visited 1 branch of the dungeon, and saw 3 of its levels.

You collected 123 gold pieces.

Inventory:

Hand Weapons
 b - a +0 blowgun
 m - a +6 dagger (weapon)
Missiles
 e - 8 poisoned needles
 f - 2 curare-tipped needles
Armour
 c - a +0 robe (worn)
 d - a +0 cloak (worn)
 s - a +0 pair of gloves (worn)
Scrolls
 a - 2 scrolls of noise {unknown}
 i - a scroll of identify {unknown}
 j - a scroll of enchant weapon {unknown}
 k - a scroll of blinking {unknown}
 p - a scroll of recharging {unknown}
 r - a scroll of teleportation {unknown}
Potions
 h - a potion of invisibility
 o - a potion of heal wounds
Comestibles
 g - 2 bread rations
 q - a meat ration


   Skills:
 + Level 5.7 Fighting
 - Level 2.1 Short Blades
 - Level 2.0 Throwing
 + Level 5.2 Armour
 - Level 1.1 Dodging
 - Level 3.6 Stealth


You had 5 spell levels left.
You didn't know any spells.

Dungeon Overview and Level Annotations

Branches:
Dungeon (3/15)

Altars:
Vehumet
Xom


Innate Abilities, Weirdness & Mutations

Shadows flee at your approach. (+LOS)
You can swim through water.
You cover ground slowly.
You can hop short distances.
You have large cloven feet.
You are partially covered in molten scales. (AC +2)
You are clumsy. (Dex -2)


Message History

a scythe of venom; a robe; the human corpse of Sigmund
* * * LOW HITPOINT WARNING * * *
You feel sick.
* * * LOW HITPOINT WARNING * * *
You feel sick.
* * * LOW HITPOINT WARNING * * *
You feel sick.
* * * LOW HITPOINT WARNING * * *
You feel sick.
* * * LOW HITPOINT WARNING * * *
You feel sick.
You flicker for a moment.
* * * LOW HITPOINT WARNING * * *
You feel sick.
* * * LOW HITPOINT WARNING * * *
You feel sick.
* * * LOW HITPOINT WARNING * * *
You feel sick.
You flicker back into view.
You die...

...#................# #....#
.#.......###........#############
.#.#.......+.....................
.......#####.....................
.#.##### #..............)......
.#..<.# ####.....................
.####.##............#############
....#..<.##....#....# #....#
#.#.......#....#@...# #....#
..............##.##.# #....#
#.#.#####.#... #.##.# #....#
....# #.#... #.##.# #.$..# .+.##
.... #.##.# #....# .### ...
#.##.. .....# ## # #.#### ..# ###


There were no monsters in sight!

Vanquished Creatures
  Sigmund (D:3)
  The ghost of Blomdor the Skirmisher, a weakling BaAs (D:3)
  3 gnolls
  4 adders
  2 dart slugs (D:1)
  A leopard gecko (D:1)
  6 bats
  2 giant cockroaches
  5 goblins
  4 hobgoblins
  3 kobolds (D:1)
  2 quokkas (D:3)
  A ball python (D:1)
  A frilled lizard (D:2)
  5 rats
41 creatures vanquished.

Notes
Turn   | Place    | Note
-------+----------+-------------------------------------------
     0 | D:1      | Blomdor the Barachi Assassin began the quest for the Orb.
     0 | D:1      | Reached XP level 1. HP: 17/17 MP: 1/1
   131 | D:1      | Reached skill level 1 in Armour
   131 | D:1      | Reached XP level 2. HP: 23/23 MP: 2/2
   304 | D:1      | Found a shimmering altar of Xom.
   524 | D:1      | Reached XP level 3. HP: 27/29 MP: 3/3
  1637 | D:2      | Reached XP level 4. HP: 29/37 MP: 4/4
  1804 | D:2      | Found a radiant altar of Vehumet.
  2014 | D:3      | Noticed Blomdor's ghost (weakling BaAs)
  2035 | D:3      | Killed Blomdor's ghost
  2035 | D:3      | Reached XP level 5. HP: 8/43 MP: 5/5
  2292 | D:3      | Found a faded altar of an unknown god.
  2327 | D:3      | Noticed Sigmund
  2525 | D:3      | Killed Sigmund
  2525 | D:3      | Reached skill level 5 in Fighting
  2525 | D:3      | Reached skill level 5 in Armour
  2525 | D:3      | Reached XP level 6. HP: 27/52 MP: 6/6
  2526 | D:3      | Gained mutation: You are clumsy. (Dex -2) [potion of mutation]
  2526 | D:3      | Gained mutation: You are partially covered in molten scales. (AC +2) [potion of mutation]
  2526 | D:3      | Gained mutation: You have large cloven feet. [potion of mutation]
  2544 | D:3      | HP: 2/52 [poisoned by Sigmund]
  2549 | D:3      | Succumbed to Sigmund's poison

Vault maps used:
D:1:      minmay_arrival_arboretum_large, minmay_hexomino_r4
D:2:      marbit_many_paths, minmay_cut_off
D:3:      grunt_temple_overflow_growth_and_decay, ashenzari_altar_1,
          chequers_ecumenical_altar_simple, serial_co_window_serial,
          co_window_paths_a, co_window_corner_a, co_window_paths_a,
          co_window_corner_a, co_window_paths_a, co_window_broadway_a,
          co_window_cross_4, co_window_corner_ca, co_window_4corner_b,
          glass_columns_a, glass_columns_b, glass_columns_a, glass_columns_b,
          glass_columns_b, first_bread, uniq_natasha, uniq_sigmund

Skill      XL: |  1  2  3  4  5 |
---------------+----------------+-----
Armour         | 1 2 3 5 |  5.2
Fighting       | 3 4 5 |  5.7
Short Blades   | |  2.1
Throwing       | |  2.0
Dodging        | |  1.1
Stealth        | |  3.6

Action                   |  1- 3 |  4- 6 || total
-------------------------+-------+-------++-------
Melee: Dagger            |    68 |    56 ||   124
  Use: Scroll            |       |     1 ||     1
       Potion            |       |     4 ||     4
 Stab: Sleeping          |    11 |     4 ||    15
  Eat: Chunk             |     2 |     4 ||     6
Armor: Robe              |    24 |     8 ||    32
Dodge: Dodged            |    50 |    21 ||    71

Table legend:
 A = Spawn XP
 B = Non-spawn XP
 C = Spawn XP percentage of total XP
 D = Spawn monster count
 E = Non-spawn monster count
 F = Spawn count percentage of total count
 G = Total turns spent on level
                    A         B        C        D         E        F      G
               +---------+---------+-------+---------+---------+-------+---------
         Total |       3 |     435 |   0.7 |       2 |      39 |   4.9 |  2549
               +---------+---------+-------+---------+---------+-------+---------
           D:1 |       3 |      53 |   5.4 |       2 |      21 |   8.7 |  1162
           D:2 |       0 |      65 |   0.0 |       0 |      11 |   0.0 |   801
           D:3 |       0 |     317 |   0.0 |       0 |       7 |   0.0 |   586
               +---------+---------+-------+---------+---------+-------+---------
